 Dungeon Crawl Stone Soup version 0.23.2-1-ga50397a6bc (webtiles) character file.

Game seed: 181166869333620848

111 Peloso the Skirmisher (level 4, 0/41 HPs)
             Began as a Minotaur Fighter on May 23, 2019.
             Killed from afar by an orc wizard (6 damage)
             ... with a magic dart
             ... on level 3 of the Dungeon.
             The game lasted 00:04:34 (1351 turns).

Peloso the Skirmisher (Minotaur Fighter)            Turns: 1351, Time: 00:04:34

Health: 0/41       AC:  7    Str: 21    XL:     4   Next: 62%
Magic:  3/3        EV:  7    Int:  5    God:
Gold:   61         SH:  9    Dex: 10    Spells: 3/3 levels left

rFire    . . .     SeeInvis .   a - +0 long sword
rCold    + . .     Gourm    .   c - +0 shield
rNeg     . . .     Faith    .   b - +0 scale mail
rPois    .         Spirit   .   (helmet restricted)
rElec    .         Reflect  .   s - scarf {cloud immunity}
rCorr    .         Harm     .   (no gloves)
MR       .....                  (no boots)
Stlth    ..........             h - amulet of inaccuracy (curse)
HPRegen  0.13/turn              p - ring of flight
MPRegen  0.08/turn              r - ring of protection from cold

@: no status effects
A: retaliatory headbutt, horns 2
a: Evoke Flight


You were on level 3 of the Dungeon.
You were hungry.

You visited 1 branch of the dungeon, and saw 3 of its levels.

You collected 61 gold pieces.

Inventory:

Hand Weapons
 a - a +0 long sword (weapon)
Armour
 b - a +0 scale mail (worn)
 c - a +0 shield (worn)
 s - a scarf of cloud immunity (worn)
Jewellery
 h - a cursed amulet of inaccuracy (around neck)
 o - an uncursed amulet of harm {unknown}
 p - a ring of flight (left hand)
 r - a ring of protection from cold (right hand)
Scrolls
 d - a scroll of fog
 l - a scroll of teleportation
Potions
 i - a potion of ambrosia
 j - a potion of cancellation
 n - a potion of haste
 q - a potion of brilliance {unknown}
Comestibles
 f - a ration


   Skills:
 + Level 4.5 Fighting
 + Level 3.8 Long Blades
 + Level 4.5 Armour
 + Level 0.4 Dodging
 + Level 4.2 Shields


You had 3 spell levels left.
You didn't know any spells.
Your spell library was empty.

Dungeon Overview and Level Annotations

Branches:
Dungeon (2/15)

Altars:
Wu Jian
Xom


Innate Abilities, Weirdness & Mutations

You reflexively headbutt those who attack you in melee.
You have a pair of horns on your head.


Message History

Unknown command.
You closely miss the orc wizard.
The orc wizard is almost dead.
You block the quokka's attack.
The orc wizard gestures at you while chanting.
The magic dart hits you.
* * * LOW HITPOINT WARNING * * *
You block the quokka's attack.
You miss the orc wizard.
The orc wizard is almost dead.
The orc wizard casts a spell at you. You resist with some effort.
You block the quokka's attack. The orc wizard barely misses you.
The quokka closely misses you.
You riposte.
You miss the quokka.
Unknown command.
You closely miss the orc wizard. Your headbutt misses the orc wizard.
The orc wizard is almost dead.
The orc wizard casts a spell at you. The magic dart hits you.
You die...

#.## #.##.#
#..####.##.#
#.......##.#
8#####
#..####.##.##
_.._8
#.....(...(.#
...≈#
###.##..)..#..##
..≈≈#
.†..##>#.).##..##
.≈≈#
######.##.####)o##
.≈# #.##.#
##.@##'##.?#
#..... ##.r)....#
#..#.## ####....#
#..### ##..... #.
.### #. #


You could see an orc wizard and a quokka.

Vanquished Creatures
  A gnoll (D:1)
  4 adders (D:2)
  An ooze (D:3)
  A worm (D:2)
  A dart slug (D:1)
  2 leopard geckos
  4 orcs (D:3)
  2 giant cockroaches (D:1)
  8 goblins
  5 hobgoblins
  2 kobolds (D:1)
  A quokka (D:2)
  9 bats
  4 frilled lizards
  7 rats
52 creatures vanquished.

Notes
Turn   | Place    | Note
-------+----------+-------------------------------------------
     0 | D:1      | Peloso the Minotaur Fighter began the quest for the Orb.
     0 | D:1      | Reached XP level 1. HP: 19/19 MP: 0/0
   321 | D:1      | Reached XP level 2. HP: 25/27 MP: 1/1
   521 | D:1      | Reached XP level 3. HP: 29/33 MP: 2/2
   959 | D:2      | Reached XP level 4. HP: 37/40 MP: 3/3
  1194 | D:2      | You fall through a shaft!
  1320 | D:3      | Found a shimmering altar of Xom.
  1320 | D:3      | Found an ornate altar of the Wu Jian Council.
  1351 | D:3      | Killed from afar by an orc wizard

Skill      XL: |  1  2  3 |
---------------+----------+-----
Fighting       | 4 |  4.5
Armour         | 4 |  4.5
Shields        | 4 |  4.2
Long Blades    | 3 |  3.8
Dodging        | |  0.4

Action                   |  1- 3 |  4- 6 || total
-------------------------+-------+-------++-------
Melee: Long sword        |    82 |    70 ||   152
       Headbutt          |     7 |    10 ||    17
       Unarmed           |       |    11 ||    11
  Use: Potion            |     1 |       ||     1
       Scroll            |       |     8 ||     8
  Eat: Chunk             |       |     1 ||     1
Armor: Scale mail        |    45 |    41 ||    86
       Skin              |       |     2 ||     2
Dodge: Dodged            |    37 |    41 ||    78
Block: Shield            |    52 |    44 ||    96
       Rpst.: Long sword |     8 |     4 ||    12
